 Dungeon Crawl Stone Soup version 0.21-a0-207-g4a9efaf (webtiles) character file.

290 HAL9000 the Cutter (level 6, -6/30 HPs)
             Began as a Vine Stalker Assassin on Aug 20, 2017.
             Mangled by an ogre
             ... wielding a +0 giant spiked club
              (12 damage)
             ... on level 4 of the Dungeon.
             The game lasted 00:10:14 (2690 turns).

HAL9000 the Cutter (Vine Stalker Assassin)          Turns: 2690, Time: 00:10:15

Health: -6/30      AC:  4    Str: 11 (14) XL:     6   Next: 32%
Magic:  0/7        EV: 11    Int: 10 (12) God:
Gold:   132        SH:  0    Dex: 16      Spells: 5/5 levels left

rFire    + . .     SeeInvis .   a - +2 dagger
rCold    . . .     Gourm    .   (no shield)
rNeg     . . .     Faith    .   y - +0 leather armour
rPois    .         Spirit   +   (no helmet)
rElec    +         Reflect  .   d - +0 cloak
rCorr    .         Harm     .   (no gloves)
MR       +....                  (no boots)
Stlth    +++.......             (no amulet)
HPRegen  0.50/turn              m - ring of protection from magic
MPRegen  0.10/turn              p - ring of protection from fire

@: no status effects
A: fangs 2, deterioration 2, regeneration 1, electricity resistance, magic
shield, antimagic bite, no potion heal 3, rot immunity, MP-powered wands
a: no special abilities


You were on level 4 of the Dungeon.
You were hungry.

You visited 1 branch of the dungeon, and saw 4 of its levels.

You collected 132 gold pieces.

Inventory:

Hand Weapons
 a - a +2 dagger (weapon)
 b - a +0 blowgun
Missiles
 e - 27 poisoned needles
 f - 2 curare-tipped needles
Armour
 d - a +0 cloak (worn)
 y - a +0 leather armour (worn)
 A - a +2 large shield
Jewellery
 m - a ring of protection from magic (left hand)
 p - a ring of protection from fire (right hand)
Scrolls
 h - 2 scrolls of teleportation
 n - a scroll of magic mapping {unknown}
 q - 3 scrolls of identify
 s - a scroll of remove curse {unknown}
 w - a scroll of immolation {unknown}
 z - a scroll of blinking {unknown}
Potions
 i - a potion of curing
 o - a potion of invisibility {unknown}
 r - a potion of magic {unknown}
 t - 2 potions of mutation
Comestibles
 g - 3 bread rations
 j - 2 royal jellies
 l - 2 fruits
 v - a meat ration


   Skills:
 - Level 1.7 Fighting
 + Level 5.9 Short Blades
 - Level 1.7 Throwing
 - Level 0.7 Dodging
 - Level 4.8 Stealth


You had 5 spell levels left.
You didn't know any spells.

Dungeon Overview and Level Annotations

Branches:
Dungeon (4/15)
 Temple: D:4-7

Altars:
Qazlal
Trog
Wu Jian
The Shining One


Innate Abilities, Weirdness & Mutations

You have extremely sharp teeth.
Your natural rate of healing is unusually fast.
When hurt, damage is shared between your health and your magic reserves.
Your bite disrupts and absorbs the magic of your enemies.
Potions cannot restore your health.
You are immune to rotting.
Your body often deteriorates upon taking damage.
You are resistant to electric shocks. (rElec)
You expend magic power (3 MP) to strengthen your wands.


Message History

You start resting.
Magic restored.
You start resting.
HP restored.
Wield which item (- for none, * to show all)? (? for menu, Esc to quit)
a - a +2 dagger (weapon)
There is a stone staircase leading down here.
You can't go up here!
You climb downwards.
You hear the sound of rushing water.
There is an entrance to a sewer on this level.
Hurry and find it before the portal rusts away!
You hear the slow rusting of a very distant drain.
The ogre hits you with a giant spiked club!!
Ouch! That really hurt!
* * * LOW HITPOINT WARNING * * *
Your body deteriorates!
You feel dopey.
There is a stone staircase leading up, spattered with blood here.
Unknown command.
The ogre hits you with a giant spiked club!
You die...

.### #. ...# # #.
##.#.##.# #.
#.......# #.
#........ ####
#.##.......#
.....#..........#
#................
#......@..##.####
#......O..# #
#.........#
#.........#
#.........#
#..........
#...[.....##
####.######


You could see an ogre.

Vanquished Creatures
  An ogre (D:3)
  A scorpion (D:3)
  2 orc wizards (D:3)
  4 adders
  An ooze (D:3)
  2 worms
  A dart slug (D:2)
  3 leopard geckos
  6 orcs (D:3)
  2 bats
  2 giant cockroaches
  8 goblins
  5 hobgoblins
  A quokka (D:3)
  3 frilled lizards
  3 kobolds
  5 rats
50 creatures vanquished.

Notes
Turn   | Place    | Note
-------+----------+-------------------------------------------
     0 | D:1      | HAL9000 the Vine Stalker Assassin began the quest for the Orb.
     0 | D:1      | Reached XP level 1. HP: 11/11 MP: 2/2
    64 | D:1      | Reached skill level 2 in Short Blades
   207 | D:1      | Reached XP level 2. HP: 13/15 MP: 1/3
   684 | D:2      | Found a stormy altar of Qazlal.
   702 | D:2      | Found a stormy altar of Qazlal.
   704 | D:2      | Noticed a water elemental
   769 | D:2      | Found an ornate altar of the Wu Jian Council.
   777 | D:2      | Reached skill level 3 in Short Blades
   809 | D:2      | Reached XP level 3. HP: 8/18 MP: 2/4
  1323 | D:2      | Noticed an earth elemental
  1323 | D:2      | Noticed a fire elemental
  1323 | D:2      | Noticed an air elemental
  1582 | D:3      | Gained mutation: Your natural rate of healing is unusually fast. [Vine Stalker growth]
  1582 | D:3      | Reached XP level 4. HP: 20/23 MP: 5/5
  1661 | D:3      | Reached skill level 4 in Short Blades
  2057 | D:3      | Reached XP level 5. HP: 13/26 MP: 3/6
  2275 | D:3      | Found a glowing golden altar of the Shining One.
  2292 | D:3      | Noticed an ogre
  2329 | D:3      | Killed an ogre
  2329 | D:3      | Reached skill level 5 in Short Blades
  2329 | D:3      | Reached XP level 6. HP: 30/30 MP: 7/7
  2565 | D:3      | Found a bloodstained altar of Trog.
  2627 | D:3      | Gained mutation: You expend magic power (3 MP) to strengthen your wands. [potion of mutation]
  2627 | D:3      | Gained mutation: Your body sometimes deteriorates upon taking damage. [potion of mutation]
  2627 | D:3      | Gained mutation: Your body often deteriorates upon taking damage. [potion of mutation]
  2627 | D:3      | Gained mutation: You are resistant to electric shocks. (rElec) [potion of mutation]
  2690 | D:4      | Mangled by an ogre

Vault maps used:
D:1:      dpeg_arrival_pits
D:2:      overflow_temple_1_default, overflow_temple_1_default, first_bread,
          nicolae_qazlal_style_of_elements
D:3:      lemuel_round_altar, tso_metal_star
D:4:      okawaru_ov_weapons_minmay, gup_sewer_entry_glass, uniq_blork_the_orc

Skill      XL: |  1  2  3  4  5 |
---------------+----------------+-----
Short Blades   | 2 3 4 5 |  5.9
Fighting       | |  1.7
Throwing       | |  1.7
Dodging        | |  0.7
Stealth        | |  4.8

Action                   |  1- 3 |  4- 6 || total
-------------------------+-------+-------++-------
Melee: Dagger            |    88 |    88 ||   176
       Bite              |    12 |    24 ||    36
 Fire: Blowgun           |     5 |     9 ||    14
  Use: Scroll            |       |     2 ||     2
       Potion            |       |     3 ||     3
 Stab: Sleeping          |     6 |     2 ||     8
  Eat: Chunk             |     2 |     3 ||     5
Armor: Robe              |    20 |    11 ||    31
       Leather armour    |       |     2 ||     2
Dodge: Dodged            |    45 |    32 ||    77
